 Dungeon Crawl Stone Soup version 0.31-a0-174-g85c54bcb58 (webtiles) character file.

Game seed: 13505001449106697555

30 qw the Shield-Bearer (level 3, -6/23 HPs)
             Began as a Gargoyle Fighter on June 15, 2023.
             Mangled by a gnoll
             ... wielding a +0 spear
              (7 damage)
             ... on level 2 of the Dungeon.
             The game lasted 00:00:29 (950 turns).

qw the Shield-Bearer (Gargoyle Fighter)              Turns: 950, Time: 00:00:30

Health: -6/23      AC: 11    Str: 21    XL:     3   Next: 18%
Magic:  3/3        EV:  9    Int:  8    God:
Gold:   13         SH:  4    Dex:  9    Spells: 2/2 levels left

rFire   . . .        Y - +0 war axe
rCold   . . .        c - +0 buckler
rNeg    + . .        b - +0 scale mail
rPois   inf          i - +0 helmet
rElec   +            (no cloak)
rCorr   .            (no gloves)
SInv    .            (no boots)
Will    .....        (no amulet) Stlth
                     (no ring)
HPRegen 0.23/turn    (no ring)
MPRegen 0.08/turn

%: no passive effects
@: no status effects
A: sickness immunity, AC +3, negative energy resistance 1, electricity
resistance, torment resistance 1, petrification resistance
a: no special abilities


You were on level 2 of the Dungeon.
You visited 1 branch of the dungeon, and saw 2 of its levels.

You collected 13 gold pieces.


Innate Abilities, Weirdness & Mutations

You are immune to sickness and miasma.
Your stone body is resilient. (AC +3)
You are immune to poison.
You resist negative energy. (rN+)
You are resistant to electric shocks. (rElec)
You are resistant to unholy torment.
You are immune to petrification.


   Skills:
 - Level 3.2 Fighting
 + Level 3.2 Axes
 - Level 3.2 Armour
 - Level 3.2 Shields


You had 2 spell levels left.
You didn't know any spells.
Your spell library was empty.

Inventory:

Hand Weapons
 l - a +0 mace
 Y - a +0 war axe (weapon)
Armour
 b - a +0 scale mail (worn)
 c - a +0 buckler (worn)
 i - a +0 helmet (worn)
Scrolls
 a - a scroll of identify
Potions
 d - 2 potions of might
 e - a potion of magic {unknown}
 f - a potion of brilliance {unknown}
 g - a potion of enlightenment {unknown}
 k - a potion of curing {unknown}

Dungeon Overview and Level Annotations

Branches:
Dungeon (2/15)

Altars:


Message History

You open the door.
There is an open door here.
There is a stone staircase leading down here.
You climb downwards.
There is a stone staircase leading up here.
Waypoint 1 assigned to D:2.
Found a stone staircase leading up.
There is a stone staircase leading up here.
A gnoll, a dart slug and a quokka come into view.
The gnoll shouts!
You hear a shout!
A gnoll comes into view. It is wielding a +0 halberd.
A gnoll and a quokka come into view.
The gnoll shouts!
A gnoll comes into view. It is wielding a +0 spear.
An endoplasm comes into view.
Found 2 stones.
The gnoll shouts!
The endoplasm quivers.
You closely miss the quokka.
The quokka bites you but does no damage.
The gnoll hits you from afar with a +0 spear.
You slash the quokka!
You kill the quokka!
You barely miss the quokka.
The quokka bites you but does no damage.
The gnoll barely misses you. You block the quokka's attack.
You miss the quokka. The gnoll hits you but does no damage.
The quokka bites you but does no damage.
The gnoll hits you but does no damage.
A rat comes into view.
The gnoll hits you from afar with a +0 halberd.
The quokka bites you but does no damage.
The gnoll hits you from afar with a +0 halberd.
You slash the quokka!
You kill the quokka!
The gnoll hits you but does no damage. The gnoll closely misses you.
The gnoll hits you from afar with a +0 halberd!
The gnoll barely misses you. The gnoll hits you with a +0 spear!
You die...

.w# #......... ....
#......... ...#
#......... .
#..###......... ..
#.............. ..(#
#............
##.r.####.........#
.....Jg...#..##########
.....gg@..##<.###.....#
......g%..###.........#
..........# ##........#
########### ###......#
##.....# #.....#
#<....# #######


You could see 4 gnolls, an endoplasm and a rat.

Vanquished Creatures
  A dart slug (D:1)
  3 endoplasms (D:1)
  4 hobgoblins (D:1)
  2 jackals (D:1)
  3 quokkas
  5 ball pythons (D:1)
  A bat (D:1)
  A goblin (D:1)
  3 kobolds (D:1)
  4 rats (D:1)
27 creatures vanquished.

Notes
Turn   | Place    | Note
-------+----------+-------------------------------------------
     0 | D:1      | qw the Gargoyle Fighter began the quest for the Orb.
     0 | D:1      | Reached XP level 1. HP: 14/14 MP: 1/1
     0 | D:1      | 0 ||| qw: Version: 0.2-a-29-g511e9b1
     0 | D:1      | 0 ||| qw: Game counter: 5347
     0 | D:1      | 0 ||| qw: Always use a shield: true
     0 | D:1      | 0 ||| qw: God list: Okawaru
     0 | D:1      | 0 ||| qw: Allow faded altars: false
     0 | D:1      | 0 ||| qw: Do Orc after D:15 true
     0 | D:1      | 0 ||| qw: Do second Lair branch before Depths: true
     0 | D:1      | 0 ||| qw: Lair rune preference: random
     0 | D:1      | 0 ||| qw: Plans: Normal, Zot:1-4, Slime:5, God:TSO, Crypt,
                  | Tomb, Abyss, Pan, Hells, Win
     0 | D:1      | 0 ||| PLANNING D:1-11
   145 | D:1      | Reached XP level 2. HP: 19/19 MP: 2/2
   287 | D:1      | 287 ||| Stepping ~*~*~tactically~*~*~ (stealth).
   291 | D:1      | 291 ||| Stepping ~*~*~tactically~*~*~ (stealth).
   435 | D:1      | 435 ||| DROPPING +0 whip.
   472 | D:1      | 472 ||| Stepping ~*~*~tactically~*~*~ (hiding).
   482 | D:1      | Reached skill level 3 in Axes
   509 | D:1      | Reached XP level 3. HP: 15/23 MP: 3/3
   630 | D:1      | Found a faded altar of an unknown god.
   630 | D:1      | Noticed an Ice Fiend
   862 | D:1      | 862 ||| UPGRADING to +0 helmet.
   867 | D:1      | 867 ||| READING 2 scrolls labelled TUATID UHAZED.
   868 | D:1      | 868 ||| READING scroll labelled YLUEC REGYRGH.
   949 | D:2      | HP: 1/23 [gnoll/+0 halberd (10)]
   950 | D:2      | Mangled by a gnoll

Levels and vault maps discovered:
D:1:      evilmike_arrival_home_sweet_home, layout_basic,
          dreamdust_ecumenical_altar_sealed_demon
D:2:      layout_rooms, uniq_terence

Skill      XL: |  1  2 |
---------------+-------+-----
Axes           | 2 3 |  3.2
Fighting       | |  3.2
Armour         | |  3.2
Shields        | |  3.2

Action                     || total
---------------------------++-------
  Melee: War axe           ||    79
    Use: Scroll            ||     2
 Armour: Scale mail        ||    45
  Dodge: Dodged            ||    33
  Block: Buckler           ||    10

Table legend:
 A = Non-vault XP
 B = Vault XP
 C = Vault XP percentage of total XP
 D = Non-vault monster count
 E = Vault monster count
 F = Vault count percentage of total count
                 A         B        C        D         E       F
            +---------+---------+-------+---------+---------+-------
      Total |      43 |       0 |   0.0 |      27 |       0 |   0.0
            +---------+---------+-------+---------+---------+-------
        D:1 |      39 |       0 |   0.0 |      25 |       0 |   0.0
        D:2 |       4 |       0 |   0.0 |       2 |       0 |   0.0
            +---------+---------+-------+---------+---------+-------
